 Dungeon Crawl Stone Soup version 0.31-a0-618-g7ca08c1ff9 (console) character file.

Game seed: 2386529509793372475

81 petzl the Sneak (level 4, 0/37 HPs)
             Began as a Formicid Delver on Aug 22, 2023.
             Slain by Crazy Yiuf
             ... wielding a +4 quarterstaff of chaos
              (8 damage)
             ... on level 2 of the Dungeon.
             The game lasted 00:08:51 (3675 turns).

petzl the Sneak (Formicid Delver)                   Turns: 3675, Time: 00:08:51

Health: 0/37       AC:  5    Str: 16    XL:     4   Next: 68%
Magic:  7/7        EV: 12    Int: 12    God:
Gold:   5          SH:  0    Dex: 15    Spells: 7/7 levels left

rFire   . . .        b - +1 sling (drain)
rCold   + . .        (no shield)
rNeg    . . .        u - +0 leather armour
rPois   .            (helmet unavailable)
rElec   .            (no cloak)
rCorr   .            m - +0 pair of gloves
SInv    +            o - +0 pair of boots
Will    .....        s - amulet of magic regeneration
Stlth   +++          p - ring of protection from cold
HPRegen 0.26/turn    (no ring)
MPRegen 0.50/turn

%: no passive effects
@: lethally poisoned (0 -> -4)
A: permanent stasis, dig shafts and tunnels, antennae 3, four strong arms
a: Dig, Shaft Self


You were on level 2 of the Dungeon.
You visited 1 branch of the dungeon, and saw 7 of its levels.

You collected 104 gold pieces.
You spent 99 gold pieces at shops.

Inventory:

Hand Weapons
 a - a +2 dagger of venom {!f =f}
 b - a +1 sling of draining (weapon)
 w - a +0 mace
 x - a +1 hammer of draining
Missiles
 q - 7 poisoned darts
Armour
 m - a +0 pair of gloves (worn)
 o - a +0 pair of boots (worn)
 u - a +0 leather armour (worn)
Jewellery
 p - a ring of protection from cold (left hand)
 s - an amulet of magic regeneration (around neck)
Wands
 f - a wand of digging (2)
Scrolls
 c - a scroll of fog
 d - 2 scrolls of revelation
 e - 2 scrolls of fear
 h - 2 scrolls of blinking {unknown}
 i - a scroll of amnesia
 j - a scroll of enchant weapon {unknown}
 k - 2 scrolls of enchant armour
 t - 2 scrolls of teleportation {unknown}
 v - a scroll of vulnerability {unknown}
Potions
 g - a potion of might {unknown}
 l - a potion of heal wounds {unknown}
 n - 2 potions of curing {unknown}
 r - a potion of haste {unknown}


   Skills:
 + Level 4.1 Fighting
 - Level 2.1 Maces & Flails
 + Level 1.5 Ranged Weapons
 - Level 1.9 Dodging
 - Level 6.1 Stealth
 + Level 2.0 Spellcasting


You had 7 spell levels left.
You didn't know any spells.
Your spell library was empty.

Dungeon Overview and Level Annotations

Branches:
Dungeon (7/15)
 Temple: D:4-7

Altars:

Shops:
D:2 (

Annotations:
D:2 Crazy Yiuf
D:3 Sigmund
D:6 exclusions: ice beast, iguana and orc


Innate Abilities, Weirdness & Mutations

You cannot be hasted, slowed, berserked, paralysed or teleported.
You can dig through walls and to a lower floor.
You have a pair of large antennae on your head. (SInv)
Your four strong arms can wield two-handed weapons with a shield.


Message History

Your +2 dagger of venom {!f =f} stops dripping with poison.
You sense an unholy aura.
b - a +1 sling of draining (weapon)
Crazy Yiuf hits you but does no damage.
You shoot a sling bullet. The sling bullet hits Crazy Yiuf.
You drain Crazy Yiuf.
Crazy Yiuf is moderately wounded.
Crazy Yiuf hits you with a +4 quarterstaff of chaos!
You are poisoned.
Unknown command.
Unknown command.
Your +2 dagger of venom {!f =f} begins to drip with poison!
a - a +2 dagger of venom (weapon)
{!f =f} You feel very sick.
Crazy Yiuf closely misses you.
Okay, then.
Unknown command.
As you read the scroll of fear, it crumbles to dust.
You assume a fearsome visage.
Crazy Yiuf looks frightened!
You feel very sick.
Crazy Yiuf wails, "Help!"
You feel very sick.
Your +2 dagger of venom {!f =f} stops dripping with poison.
You sense an unholy aura.
b - a +1 sling of draining (weapon)
You feel sick.
You are too injured to fight recklessly!
Fire: b) +1 sling (drain)
Press: ? - help, Q - select action, (/) - cycle Shift-Dir - straight line, f/p - Crazy Yiuf
Aim: Crazy Yiuf, wielding a +4 quarterstaff of chaos and wearing a +2 cloak of willpower (moderately wounded, fleeing, heavily drained, 63% to hit)
You shoot a sling bullet. The sling bullet hits Crazy Yiuf.
You drain Crazy Yiuf.
Your attack snaps Crazy Yiuf out of his fear.
Crazy Yiuf is severely wounded.
You feel very sick.
Are you sure you want to shaft yourself?
You feel sick.
Crazy Yiuf twirls on the spot.
You begin to dig a shaft.
You continue digging a shaft.
You feel sick.
Crazy Yiuf hits you with a +4 quarterstaff of chaos!
You die...

...........##.### #..# #.# #....#
................# ##..###.###....#
...........##.#.# #..###....####.#
.....###...##.#.#####..###....#
#.##
.........................#....#
#...
.....###..###.#######....#....#
#... .....#
#.................##'######...
..#..###..###.####.....#.##.#
#......
..#....#..########.......##.#
#.##.##
................####........#
#.##.# .......#.)#######
####..##.###.##.# .##....#..#
#..##..##.##.## [##....#..# #####
#..##...#.##... ..........###
#)..# #..............
.#..........# #...#
##.##.#...##### .#..##.#....# ...
#......>.## ............# #'#
#.....######### .#..........# ♣g♣♣
##.#####....... ............# ♣♣@♣
#..#####.###### ............# ♣.♣♣
#........## .#..##.##.### ♣♣.♣
####......# ....##.##...# ♣♣.♣♣
#......# # ............# ♣♣)).♣
#......# # .#.....##.[.# ♣))))♣
#......# # ............# #))))#
#####'######
.#...).##...#####..##### #.......
................).)....# ########
..........##.#.........# #
..........##.#.........# #
.....#.##.##.###'####### #
.................#
...............###
.............#############
.###.#.##.##.............# .#
#.#.##.##.############# ##
#.#.##.##.#
#.#.##.##.########################


You could see Crazy Yiuf (very drained).

Vanquished Creatures
  Natasha (D:2)
  An orc wizard (D:2)
  2 worms
  4 orcs (D:2)
  A bat (D:2)
  2 endoplasms
  A goblin (D:1)
  A hobgoblin (D:2)
  5 ball pythons
  A frilled lizard (D:2)
  3 kobolds
  2 rats
24 creatures vanquished.

Notes
Turn   | Place    | Note
-------+----------+-------------------------------------------
     0 | D:5      | petzl the Formicid Delver began the quest for the Orb.
     0 | D:5      | Reached XP level 1. HP: 18/18 MP: 1/1
     9 | D:5      | Noticed a hound
    14 | D:5      | Noticed a scorpion
    17 | D:4      | Noticed an iguana
    33 | D:4      | You fall into a shaft and drop 2 floors!
    46 | D:6      | Noticed an ice beast
    50 | D:6      | Noticed an iguana
   307 | D:2      | Noticed Natasha
   567 | D:1      | Reached XP level 2. HP: 24/24 MP: 2/2
  1161 | D:2      | You fall into a shaft and drop 1 floor!
  1395 | D:3      | Noticed Sigmund
  1467 | D:2      | Found Vofim's Antique Weapon Boutique.
  1476 | D:2      | Bought a glowing sling for 99 gold pieces
  1626 | D:2      | Reached skill level 1 in Spellcasting
  1629 | D:2      | You fall into a shaft and drop 1 floor!
  2047 | D:2      | Reached XP level 3. HP: 29/29 MP: 4/4
  2098 | D:2      | Found a runed translucent door.
  2099 | D:2      | Noticed Crazy Yiuf
  3039 | D:2      | Found Vofim's Antique Weapon Boutique.
  3080 | D:2      | Reached skill level 1 in Ranged Weapons
  3080 | D:2      | Reached XP level 4. HP: 5/36 MP: 6/6
  3216 | D:2      | Killed Natasha
  3675 | D:2      | Slain by Crazy Yiuf

Illustrated notes

Levels and vault maps discovered:
D:1:      dreamdust_arrival_beginning_and_end, layout_basic,
          kennysheep_minor_cross, minmay_misc_feat_nine_boxes
D:2:      layout_basic, serial_shops, shop, uniq_natasha,
          uniq_crazy_yiuf_cottage
D:3:      layout_loops_ring, dilly_ecumenical_altar_fadedgnrine,
          kennysheep_generic_room_16, uniq_jessica, uniq_sigmund
D:4:      layout_loops_ring, portal_sewer_entry_d, gammafunk_ghost_arena,
          minmay_misc_feat_room, minmay_increasing_density
D:5:      layout_cave_pools, kennysheep_cross_bottleneck,
          minmay_manual_monstrance, uniq_edmund, uniq_prince_ribbit1
D:6:      layout_basic
D:7:      layout_layer_cave, gammafunk_temple_overflow_pools,
          minmay_temple_entry_waves, serial_shops, shop

Skill      XL: |  1  2  3  4 |
---------------+-------------+-----
Spellcasting   | 1 2 |  2.0
Ranged Weapons | 1 |  1.5
Fighting       | 4 |  4.1
Maces & Flails | |  2.1
Dodging        | |  1.9
Stealth        | |  6.1

Action                     |  1- 3 |  4- 6 || total
---------------------------+-------+-------++-------
  Melee: Mace              |    36 |       ||    36
         Dagger            |       |     4 ||     4
   Fire: Sling             |    41 |     9 ||    50
Ability: Shaft Self        |     4 |     1 ||     5
  Evoke: Wand              |     1 |       ||     1
    Use: Scroll            |     4 |     1 ||     5
   Stab: Sleeping          |     2 |       ||     2
 Armour: Leather armour    |    20 |     1 ||    21
  Dodge: Dodged            |    34 |     3 ||    37

Table legend: (Time is in decaauts)
 A = Elapsed time spent in this place.
 B = Non-inter-level travel time spent in this place.
 C = Inter-level travel time spent in this place.
 D = Time resting spent in this place.
 E = Time spent auto-exploring this place.
 F = Levels seen in this place.
 G = Mean time per level.
                   A        B        C        D        E       F      G
               +--------+--------+--------+--------+--------+-----+--------+
         Total |   3698 |   3603 |     95 |    393 |   2471 |   7 |  528.3 |
       Dungeon |   3698 |   3603 |     95 |    393 |   2471 |   7 |  528.3 |
               +--------+--------+--------+--------+--------+-----+--------+

Top non-repeatable levels by time:
     D:2: 2284 daAuts
     D:1: 682 daAuts
     D:3: 490 daAuts
     D:6: 150 daAuts
     D:4: 49 daAuts
     D:5: 38 daAuts
     D:7: 2 daAuts
